 Dungeon Crawl Stone Soup version 0.29.1-15-g9cfb28693d (webtiles) character file.

Game seed: 13568080611962905599

46 Hugehornet the Insei (level 3, -3/23 HPs)
             Began as an Octopode Transmuter on Mar 25, 2023.
             Slain by a goblin
             ... wielding a +0 club
             ... led by Robin
              (4 damage)
             ... on level 2 of the Dungeon.
             The game lasted 00:01:57 (1344 turns).

Hugehornet the Insei (Octopode Transmuter)          Turns: 1344, Time: 00:01:58

Health: -3/23      AC:  1    Str:  9    XL:     3   Next: 66%
Magic:  5/6        EV: 13    Int: 17    God:
Gold:   31         SH:  0    Dex: 12    Spells: 5/6 levels left

rFire   . . .      SeeInvis .   g - +3 whip (elec)
rCold   . . .      Faith    .   (no shield)
rNeg    . . .      Spirit   .   (helmet currently unavailable)
rPois   .          Reflect  .   (no amulet)
rElec   .          Harm     .   (no ring)
rCorr   .          Rampage  .   (no ring)
Will    .....                   (no ring)
Stlth   ++........              (no ring)
HPRegen 0.07/turn               (no ring)
MPRegen 0.10/turn               (no ring)
                                (no ring)
                                (no ring)

@: appendages (expiring)
A: tentacle spike 3, almost no armour, amphibious, 8 rings, camouflage 1,
gelatinous body 1, (nimble swimmer 1), tentacles
a: End Transformation


You were on level 2 of the Dungeon.
One of your tentacles had grown a beastly spike.
You visited 1 branch of the dungeon, and saw 2 of its levels.

You collected 31 gold pieces.

Inventory:

Hand Weapons
 g - a +3 whip of electrocution (weapon)
Jewellery
 c - a +6 ring of dexterity
Scrolls
 f - a scroll of magic mapping {unknown}
 h - a scroll of fear {unknown}
 i - a scroll of silence {unknown}
 j - a scroll of teleportation {unknown}
 l - a scroll of immolation {unknown}
Potions
 a - a potion of lignification
 b - 2 potions of brilliance {unknown}
 d - 2 potions of degeneration {unknown}
 e - a potion of heal wounds {unknown}
 k - 3 potions of curing {unknown}


   Skills:
 - Level 1.0 Fighting
 - Level 2.0 Dodging
 + Level 4.5 Unarmed Combat
 - Level 2.0 Spellcasting
 - Level 2.0 Transmutations


You had 5 spell levels left.
You knew the following spells:

 Your Spells              Type           Power      Damage    Failure   Level
a - Beastly Appendage     Tmut           16%        N/A       9%          1

Your spell library contained the following spells:

 Spells                   Type           Power      Damage    Failure   Level
 Wereblood                Tmut           8%         N/A       13%         2
 Necrotise                Necr           4%         1d4       19%         1
 Spider Form              Tmut/Pois      5%         N/A       36%         3
 Ice Form                 Ice/Tmut       5%         N/A       77%         4


Dungeon Overview and Level Annotations

Branches:
Dungeon (2/15)

Altars:

Shops:
D:1 *

Annotations:
D:2 Robin


Innate Abilities, Weirdness & Mutations

One of your tentacles has grown a beastly spike.
You cannot wear most types of armour.
You are amphibious.
You can wear up to eight rings at the same time.
Your skin changes colour to match your surroundings (Stealth+).
Your rubbery body absorbs attacks. (AC +1, EV +1)
((You are camouflaged when in or above water. (Stealth+)))
You have tentacles for arms and can constrict up to eight enemies at once.


Message History

The hobgoblin hits you. The goblin hits you with a +0 club!
The hobgoblin attacks as you move away! The hobgoblin closely misses you.
Okay, then.
Unknown command.
Okay, then.
You hit the hobgoblin.
Lightning courses through the hobgoblin!
You kill the hobgoblin!
You closely miss the goblin. Your grab misses the goblin.
The goblin closely misses you. x2
You hit the goblin but do no damage. You grab the goblin.
Your squeeze misses the goblin.
You constrict the goblin, but do no damage.
The goblin closely misses you.
You hit the goblin.
You kill the goblin!
You completely miss the goblin. Your grab misses the goblin.
Your tentacle spike misses the goblin.
Your squeeze misses the goblin.
Your tentacle spike disappears.
The goblin hits you but does no damage.
You barely miss the goblin. Your grab misses the goblin. The goblin misses you.
Casting: Beastly Appendage (safe; 9% risk of failure)
Confirm with . or Enter, or press ? or * to list all spells.
One of your tentacles grows a vicious spike.
Your transformation is almost over.
The goblin hits you with a +0 club.
* * * LOW HITPOINT WARNING * * *
You miss the goblin. Your grab misses the goblin.
Your tentacle spike misses the goblin.
The goblin no longer looks unusually strong.
The goblin hits you with a +0 club.
* * * LOW HITPOINT WARNING * * *
You barely miss the goblin. Your grab misses the goblin.
Your tentacle spike misses the goblin.
You squeeze the goblin.
You kill the goblin!
Robin roars a battlecry!
You barely miss the goblin. You grab the goblin. You constrict the goblin.
The goblin hits you with a +0 club.
You die...

## .. ##
#.###### ..
#####......# ##
..........##. ..
#.............#
#
#.#)g.......#.#
#
#.##g######.#.#
#
#.@gg$....#.#.##
#
####$#.........#
#. #.#.........#
.. #.#.........#
## #.#.........#
#.#...####'##
#.#...# #.#
#.#...# #.#
#...# #.#


You could see Robin, a hobgoblin (strong) and a goblin (strong).

Vanquished Creatures
  2 adders (D:2)
  An endoplasm (D:1)
  A giant cockroach (D:2)
  3 hobgoblins
  A quokka (D:2)
  5 ball pythons (D:1)
  A bat (D:1)
  8 goblins
  2 kobolds
  3 rats
27 creatures vanquished.

Notes
Turn   | Place    | Note
-------+----------+-------------------------------------------
     0 | D:1      | Hugehornet the Octopode Transmuter began the quest for the
                  | Orb.
     0 | D:1      | Reached XP level 1. HP: 13/13 MP: 3/3
    30 | D:1      | Found Mocyw's General Store.
   102 | D:1      | Found a faded altar of an unknown god.
   110 | D:1      | Got Plato's Monograph on Stolen Souls
   433 | D:1      | Reached XP level 2. HP: 18/18 MP: 3/5
   883 | D:2      | Reached skill level 4 in Unarmed Combat
   883 | D:2      | Reached XP level 3. HP: 12/23 MP: 4/6
  1330 | D:2      | Noticed Robin
  1342 | D:2      | HP: 1/23 [goblin/+0 club[Robin] (1)]
  1344 | D:2      | Slain by a goblin

Illustrated notes

Levels and vault maps discovered:
D:1:      lightli_arrival_isolated_outpost, layout_rooms,
          shapermc_ecumenical_altar_rom_forum, serial_shops, nicolae_shop_stone,
          minmay_bisected
D:2:      layout_basic, uniq_robin

Skill      XL: |  1  2 |
---------------+-------+-----
Unarmed Combat | 4 |  4.5
Fighting       | |  1.0
Dodging        | |  2.0
Spellcasting   | |  2.0
Transmutations | |  2.0

Action                   || total
-------------------------++-------
Melee: Unarmed           ||    10
       Whip              ||    44
       Constrict         ||    16
       Kick              ||     7
       Tentacles         ||     4
       Punch             ||     1
 Cast: Beastly Appendage ||    13
 Stab: Sleeping          ||     1
Armor: Skin              ||     4
Dodge: Dodged            ||    35
